 Dungeon Crawl Stone Soup version 0.30.0 (webtiles) character file.

Game seed: 1574581540215967268

111 Dani the Chopper (level 4, -2/35 HPs)
             Began as a Demonspawn Fighter on May 19, 2023.
             Asphyxiated
             ... on level 3 of the Dungeon.
             The game lasted 00:02:42 (1538 turns).

Dani the Chopper (Demonspawn Fighter)               Turns: 1538, Time: 00:02:42

Health: -2/35      AC:  7    Str: 16    XL:     4   Next: 62%
Magic:  4/4        EV:  8    Int: 12    God:
Gold:   97         SH:  4    Dex: 12    Spells: 3/3 levels left

rFire   . . .        a - +0 war axe (elec)
rCold   . . .        c - +0 buckler
rNeg    . . .        b - +0 scale mail
rPois   .            (no helmet)
rElec   .            k - +0 cloak
rCorr   .            (no gloves)
SInv    .            (no boots)
Will    .....        (no amulet) Stlth
                     (no ring)
HPRegen 0.25/turn    (no ring)
MPRegen 0.09/turn

%: no passive effects
@: lethally poisoned (-2 -> -30), slowed, very slow
A: spiny 1, demonic magic 1
a: no special abilities


You were on level 3 of the Dungeon.
You visited 1 branch of the dungeon, and saw 3 of its levels.

You collected 97 gold pieces.

Inventory:

Hand Weapons
 a - a +0 war axe of electrocution (weapon)
Armour
 b - a +0 scale mail (worn)
 c - a +0 buckler (worn)
 k - a +0 cloak (worn)
   (You found it on level 2 of the Dungeon)
Scrolls
 R - a scroll of identify {@r1}
Potions
 d - 3 potions of might
 e - a potion of lignification
 f - a potion of invisibility {unknown}
 g - 3 potions of attraction {unknown}
 h - a potion of degeneration {unknown}
 i - 4 potions of curing {unknown}
 j - a potion of cancellation {unknown}


   Skills:
 - Level 3.0 Fighting
 + Level 4.5 Axes
 - Level 2.6 Armour
 - Level 2.6 Shields


You had 3 spell levels left.
You didn't know any spells.
Your spell library was empty.

Dungeon Overview and Level Annotations

Branches:
Dungeon (3/15)

Altars:

Shops:
D:1 =?   D:3 [


Innate Abilities, Weirdness & Mutations

You are partially covered in sharp spines.
Spells you cast may paralyse adjacent enemies.


Message History

The bat is struck by your spines.
You kill the bat!
There are monsters nearby!
The hobgoblin hits you but does no damage.
There are monsters nearby!
You miss the hound. You hit the hobgoblin.
Lightning courses through the hobgoblin!
You kill the hobgoblin!
The hound closely misses you. The hound barely misses you.
You block the goblin's attack.
There are monsters nearby!
You slash the hound!
The hound is severely wounded.
You hit the goblin. The hound bites you. The goblin completely misses you.
The hound bites you but does no damage.
There are monsters nearby!
You closely miss the hound.
The hound is severely wounded.
You closely miss the goblin. The hound is struck by your spines.
The hound barely misses you. The goblin is struck by your spines.
You kill the goblin!
The hound is struck by your spines.
You kill the hound!
Your Axes skill increases to level 4!
You have reached level 4!
You feel clever.
As you read the scroll labelled GOISEM KUROFAVE, it crumbles to dust.
You feel aware of your surroundings.
You sensed 1 altar, and 2 shops/portals.
It was a scroll of magic mapping.
HP restored.
You see here a +3 dagger of venom.
d - 3 potions of might (gained 2) Key pressed, stopping explore.
Key pressed, stopping explore.
An adder comes into view.
Unknown command.
You closely miss the adder. The adder bites you. You block the adder's attack.
You hit the adder.
The adder is lightly wounded.
The adder is struck by your spines. The adder bites you.
You closely miss the adder.
The adder is heavily wounded.
The adder bites you but does no damage. The adder barely misses you.
You completely miss the adder.
The adder is heavily wounded.
The adder closely misses you. x2
You slash the adder!
You kill the adder!
No target in view!
You see here an adder corpse.
No target in view!
A worm comes into view.
A worm is nearby!
The worm bites you.
You completely miss the worm. You slash the worm!
The worm is severely wounded.
The worm barely misses you.
You hit the worm but do no damage. Lightning courses through the worm!
You kill the worm!
No target in view!
No target in view!
Found a robe.
HP restored.
Found Ikauthrepse's Antique Armour Emporium.
You see here a +0 robe.
A frilled lizard comes into view.
Found a mace.
A frilled lizard is nearby!
Found a stone staircase leading down.
There is an entrance to Ikauthrepse's Antique Armour Emporium here.
Found a stone staircase leading up.
The frilled lizard closely misses you.
You hit the frilled lizard.
Lightning courses through the frilled lizard!!
You kill the frilled lizard!
No target in view!
No target in view!
A kobold brigand comes into view.
It is wielding a +0 short sword and quivering curare-tipped darts.
The kobold brigand throws a curare-tipped dart.
The curare-tipped dart hits you.
You are poisoned.
You have difficulty breathing.
You feel yourself slow down.
You feel very sick.
You feel very sick.
You feel very sick.
You feel sick.
You feel sick.
The kobold brigand throws a curare-tipped dart.
The curare-tipped dart hits you.
You are more poisoned.
You have difficulty breathing.
* * * LOW HITPOINT WARNING * * *
You feel as though you will be slow longer.
The kobold brigand throws a curare-tipped dart.
The curare-tipped dart hits you.
You are more poisoned.
You have difficulty breathing.
You die...

*.#,**** #.#,,,.# #
#.####.# # #......# #
###......#
##########........###
....[....∩.†...>....*
#########........<#,*
# ##......@##.# #
#.)........# #
#......##..#
#####..#*..#**
#.##*,...* #K# **...#
#.#****###**
#..,,*,,,,,*
#.#.,*,,*,,*


You could see a kobold brigand.

Vanquished Creatures
  A hound (D:3)
  5 adders
  A worm (D:3)
  A dart slug (D:2)
  3 ball pythons (D:2)
  3 endoplasms
  5 goblins
  5 hobgoblins
  A kobold (D:1)
  A quokka (D:2)
  3 bats
  A frilled lizard (D:3)
  3 rats (D:1)
33 creatures vanquished.

Notes
Turn   | Place    | Note
-------+----------+-------------------------------------------
     0 | D:1      | Dani the Demonspawn Fighter began the quest for the Orb.
     0 | D:1      | Reached XP level 1. HP: 18/18 MP: 1/1
    44 | D:1      | Found Utasak's Jewellery Shoppe.
    99 | D:1      | Found Nuip's Magic Scroll Emporium.
   139 | D:1      | Reached skill level 2 in Axes
   322 | D:1      | Gained mutation: You are partially covered in sharp spines.
                  | [demonic ancestry]
   322 | D:1      | Reached XP level 2. HP: 22/24 MP: 2/2
   737 | D:2      | Reached skill level 3 in Axes
   737 | D:2      | Gained mutation: Spells you cast may paralyse adjacent
                  | enemies. [demonic ancestry]
   737 | D:2      | Reached XP level 3. HP: 29/29 MP: 3/3
  1403 | D:3      | Found Ryneniz's Jewellery Boutique.
  1436 | D:3      | Reached skill level 4 in Axes
  1436 | D:3      | Reached XP level 4. HP: 30/35 MP: 4/4
  1517 | D:3      | Found Ikauthrepse's Antique Armour Emporium.
  1533 | D:3      | Noticed a kobold brigand
  1538 | D:3      | HP: 5/35 [asphyx]
  1538 | D:3      | Asphyxiated

Illustrated notes

Levels and vault maps discovered:
D:1:      evilmike_arrival_home_sweet_home, layout_loops_ring, serial_shops,
          nicolae_shop_rolled_up, shop
D:2:      layout_loops_ring
D:3:      minmay_angry_zag, layout_basic, basic_ecumenical_altar, serial_shops,
          nicolae_shop_bloodbath_and_beyond, shop, shop

Skill      XL: |  1  2  3 |
---------------+----------+-----
Axes           | 2 3 4 |  4.5
Fighting       | |  3.0
Armour         | |  2.6
Shields        | |  2.6

Action                     |  1- 3 |  4- 6 || total
---------------------------+-------+-------++-------
  Melee: War axe           |    63 |     9 ||    72
    Use: Scroll            |     4 |     1 ||     5
 Armour: Scale mail        |    33 |     1 ||    34
  Dodge: Dodged            |    27 |     5 ||    32
  Block: Buckler           |    20 |     1 ||    21

Levels and vault maps discovered:
D:1:      evilmike_arrival_home_sweet_home, layout_loops_ring, serial_shops,
          nicolae_shop_rolled_up, shop
D:2:      layout_loops_ring
D:3:      minmay_angry_zag, layout_basic, basic_ecumenical_altar, serial_shops,
          nicolae_shop_bloodbath_and_beyond, shop, shop

Table legend: (Time is in decaauts)
 A = Elapsed time spent in this place.
 B = Non-inter-level travel time spent in this place.
 C = Inter-level travel time spent in this place.
 D = Time resting spent in this place.
 E = Time spent auto-exploring this place.
 F = Levels seen in this place.
 G = Mean time per level.
                   A        B        C        D        E       F      G
               +--------+--------+--------+--------+--------+-----+--------+
         Total |   1568 |   1457 |    111 |      0 |   1185 |   3 |  522.7 |
       Dungeon |   1568 |   1457 |    111 |      0 |   1185 |   3 |  522.7 |
               +--------+--------+--------+--------+--------+-----+--------+

Top non-repeatable levels by time:
     D:2: 815 daAuts
     D:1: 605 daAuts
     D:3: 146 daAuts

Table legend:
 A = Kills in this place as a percentage of kills in the entire game.
 B = Kills by you in this place as a percentage of kills by you in the entire game.
 C = Kills by friends in this place as a percentage of kills by friends in the entire game.
 D = Other kills in this place as a percentage of other kills in the entire game.
 E = Experience gained in this place as a percentage of experience gained in the entire game.
 F = Experience gained in this place divided by the number of levels of this place that you have seen.
                   A       B       C       D       E      F
               +-------+-------+-------+-------+-------+----------------------
         Total | 100.0 | 100.0 |   N/A |   N/A | 100.0 |  53.0
       Dungeon | 100.0 | 100.0 |   N/A |   N/A | 100.0 |  53.0
               +-------+-------+-------+-------+-------+----------------------
